 Dungeon Crawl Stone Soup version 0.32-a0-953-g508020473e (webtiles) character file.

Game seed: 16418178694346013003

702 BubbleThief the Apothecary (level 7, -10/55 HPs)
             Began as a Naga Alchemist on Apr 16, 2024.
             Mangled by an ice beast (12 damage)
             ... on level 5 of the Dungeon.
             The game lasted 00:08:29 (3813 turns).

BubbleThief the Apothecary (Naga Alchemist)         Turns: 3813, Time: 00:08:29

Health: -10/55     AC:  6    Str: 10    XL:     7   Next: 66%
Magic:  14/15      EV:  8    Int: 18    God:
Gold:   207        SH:  0    Dex: 11    Spells: 9/17 levels left

rFire   . . .        q - +1 dagger (venom)
rCold   . . .        (no shield)
rNeg    . . .        a - +0 robe
rPois   +            d - +0 helmet
rElec   .            (no cloak)
rCorr   .            m - +1 pair of gloves
SInv    +            (no barding)
Will    .....        (no amulet)
Stlth   ++           (no ring)
HPRegen 0.29/turn    (no ring)
MPRegen 0.14/turn

%: no passive effects
@: very slow
A: AC +2, large, see invisible, deformed body, poison resistance, slowness 2,
spit poison 1, naga tail 1
a: Spit Poison


You were on level 5 of the Dungeon.
You visited 1 branch of the dungeon, and saw 5 of its levels.

You collected 207 gold pieces.

Inventory:

Hand Weapons
 q - a +1 dagger of venom (weapon)
Armour
 a - a +0 robe (worn)
 d - a +0 helmet (worn)
 m - a +1 pair of gloves (worn)
Scrolls
 c - 2 scrolls of teleportation {unknown}
 e - 2 scrolls of enchant armour {unknown}
 i - a scroll of blinking {unknown}
 l - a scroll of brand weapon {unknown}
 n - a scroll of noise {unknown}
Potions
 b - a potion of magic
 f - a potion of heal wounds {unknown}
 g - a potion of might {unknown}
 h - 2 potions of cancellation {unknown}
 j - a potion of enlightenment {unknown}
 k - a potion of attraction {unknown}
 o - a potion of haste {unknown}
 p - a potion of ambrosia {unknown}


   Skills:
 - Level 1.5 Dodging
 - Level 3.0 Stealth
 + Level 5.8 Spellcasting
 - Level 1.0 Conjurations
 - Level 7.5 Alchemy


You had 9 spell levels left.
You knew the following spells:

 Your Spells              Type           Power      Damage    Failure   Level
a - Sting                 Conj/Alch      80%        1d8       2%          1
b - Mephitic Cloud        Conj/Alch/Air  15%        N/A       12%         3
c - Olgreb's Toxic Radia  Alch           32%        N/A       5%          4

Your spell library contained the following spells:

 Spells                   Type           Power      Damage    Failure   Level
 Mercury Vapours          Alch/Air       36%        N/A       4%          2
 Sticky Flame             Fire/Alch      18%        2d6       26%         4
 Dazzling Flash           Conj/Hex       14%        N/A       30%         3
 Call Canine Familiar     Summ           5%         N/A       36%         3
 Sigil of Binding         Hex            5%         N/A       36%         3
 Teleport Other           Tloc           5%         N/A       36%         3
 Dimensional Bullseye     Hex/Tloc       2%         N/A       77%         4
 Silence                  Hex/Air        2%         N/A       98%         5
 Dispersal                Tloc           2%         N/A       100%        6
 Gell's Gavotte           Tloc           2%         2d(12-18) 100%        6


Dungeon Overview and Level Annotations

Branches:
Dungeon (5/15)
 Temple: D:4-7

Altars:
Gozag
Beogh


Innate Abilities, Weirdness & Mutations

Your serpentine skin is tough. (AC +2)
You have supernaturally acute eyesight. (SInv)
Armour fits poorly on your strangely shaped body.
Your system is resistant to poisons. (rPois)
You cover ground very slowly.
You can spit poison.
You have a snake-like lower body.


Message History

You hit the ice beast.
The ice beast is lightly wounded.
The ice beast hits you but does no damage.
Unknown command.
You hit the ice beast but do no damage.
The ice beast looks as sick as possible!
The ice beast is moderately wounded.
The ice beast hits you but does no damage.
Unknown command.
You hit the ice beast but do no damage.
The ice beast is moderately wounded.
The ice beast barely misses you.
Unknown command.
You hit the ice beast.
The ice beast is heavily wounded.
The ice beast closely misses you.
Unknown command.
You hit the ice beast but do no damage.
The ice beast looks as sick as possible!
The ice beast is heavily wounded.
The ice beast hits you but does no damage.
Unknown command.
You hit the ice beast but do no damage.
The ice beast is severely wounded.
The ice beast hits you.
* * * LOW HITPOINT WARNING * * *
The ice beast freezes you!
* * * LOW HITPOINT WARNING * * *
Unknown command.
Unknown command.
You barely miss the ice beast.
The ice beast is severely wounded.
The ice beast closely misses you.
Unknown command.
You hit the ice beast but do no damage.
The ice beast is severely wounded.
The ice beast hits you.
* * * LOW HITPOINT WARNING * * *
The ice beast freezes you!
You die...

#≈......... ###
#≈........# ...#
#≈.....#..## .....
#≈.....#†..#......
##≈.[....<..$......
≈≈≈.....##.........
#..................
...................
......Y@..........#
..................#
#..........##.....#
#.........## ###.##
........#.. .#
..##.##.##.# . ..
... .. ... ... ...


You could see an ice beast (extremely poisoned).

Vanquished Creatures
  2 ogres (D:4)
  A scorpion (D:4)
  A water moccasin skeleton (D:3)
  A bombardier beetle (D:3)
  A howler monkey (D:4)
  2 hounds (D:4)
  4 orc priests (D:3)
  A jelly (D:5)
  An iguana (D:5)
  A hound skeleton (D:3)
  2 adders (D:2)
  An adder zombie (D:3)
  An adder skeleton (D:3)
  2 dart slugs
  A ribbon worm (D:3)
  13 orcs
  3 endoplasms
  12 goblins
  5 hobgoblins
  2 jackals (D:4)
  5 quokkas
  2 ball pythons
  5 bats
  A frilled lizard (D:3)
  5 kobolds
  8 rats
83 creatures vanquished.

Notes
Turn   | Place    | Note
-------+----------+-------------------------------------------
     0 | D:1      | BubbleThief the Naga Alchemist began the quest for the Orb.
     0 | D:1      | Reached XP level 1. HP: 15/15 MP: 3/3
   145 | D:1      | Reached XP level 2. HP: 15/22 MP: 0/5
   211 | D:1      | Reached skill level 4 in Alchemy
   809 | D:2      | Reached XP level 3. HP: 27/28 MP: 4/6
  1656 | D:3      | Found an opulent altar of Gozag.
  1841 | D:3      | Reached XP level 4. HP: 35/36 MP: 8/8
  1845 | D:3      | Learned a level 3 spell: Mephitic Cloud
  1850 | D:3      | Learned a level 4 spell: Olgreb's Toxic Radiance
  2064 | D:3      | Reached skill level 5 in Alchemy
  2187 | D:3      | Reached XP level 5. HP: 39/42 MP: 10/10
  2605 | D:3      | Reached skill level 6 in Alchemy
  2799 | D:3      | Found a roughly hewn altar of Beogh.
  2803 | D:3      | Reached XP level 6. HP: 44/49 MP: 7/12
  3182 | D:4      | Reached skill level 7 in Alchemy
  3182 | D:4      | Reached XP level 7. HP: 31/55 MP: 3/14
  3207 | D:4      | Reached skill level 5 in Spellcasting
  3712 | D:5      | Entered Level 5 of the Dungeon
  3813 | D:5      | HP: 2/55 [ice beast (3)]
  3813 | D:5      | Mangled by an ice beast

Illustrated notes

Levels and vault maps discovered:
D:1:      nzn_arrival_depleted_hourglass, layout_loops_ring
D:2:      layout_basic, nrook_campfire, solitary_fountain
D:3:      layout_loops_corners, grunt_gozag_statues, serial_undead,
          serial_undead_b, serial_undead_c, serial_undead_a, serial_undead_a,
          serial_undead_f, serial_undead_a, kennysheep_orc_chapel
D:4:      layout_cave_pools
D:5:      layout_cave_pools, nicolae_overflow_two_pavilions,
          lemuel_blue_sif_altar, minmay_temple_entry_large_hall, serial_shops,
          nicolae_shop_pleasant_corner_grove, hangedman_decor_push,
          uniq_blork_the_orc, uniq_crazy_yiuf_cottage

Skill      XL: |  1  2  3  4  5  6  7 |
---------------+----------------------+-----
Alchemy        | 4 5 6 7 |  7.5
Spellcasting   | 3 4 5 |  5.8
Dodging        | |  1.5
Stealth        | |  3.0
Conjurations   | |  1.0

Action                     |  1- 3 |  4- 6 |  7- 9 || total
---------------------------+-------+-------+-------++-------
  Melee: Unarmed           |     4 |       |       ||     4
         Dagger            |    13 |    84 |    54 ||   151
   Cast: Sting             |    35 |    18 |     4 ||    57
         Olgreb's Toxic Ra |       |     7 |     3 ||    10
         Mephitic Cloud    |       |     2 |     1 ||     3
Ability: Spit Poison       |    33 |    12 |     2 ||    47
   Stab: Confused          |       |       |     1 ||     1
         Sleeping          |       |       |     1 ||     1
 Armour: Robe              |    36 |    67 |    32 ||   135
  Dodge: Dodged            |    27 |    45 |    24 ||    96

Table legend: (Time is in decaauts)
 A = Elapsed time spent in this place.
 B = Non-inter-level travel time spent in this place.
 C = Inter-level travel time spent in this place.
 D = Time resting spent in this place.
 E = Time spent auto-exploring this place.
 F = Levels seen in this place.
 G = Mean time per level.
                   A        B        C        D        E       F      G
               +--------+--------+--------+--------+--------+-----+--------+
         Total |   4781 |   4704 |     77 |    104 |   3827 |   5 |  956.2 |
       Dungeon |   4781 |   4704 |     77 |    104 |   3827 |   5 |  956.2 |
               +--------+--------+--------+--------+--------+-----+--------+

Top non-repeatable levels by time:
     D:3: 1523 daAuts
     D:2: 1241 daAuts
     D:1: 1003 daAuts
     D:4: 978 daAuts
     D:5: 33 daAuts
